 Dungeon Crawl Stone Soup version 0.28-a0-845-gfc338a8e3c (webtiles) character file.

Game seed: 10652336041481053653

372 jfbvrk the Vexing (level 6, -6/28 HPs)
             Began as a Spriggan Enchanter on Nov 13, 2021.
             Killed by divine providence
             ... invoked by an orc priest
              (10 damage)
             ... on level 5 of the Dungeon.
             The game lasted 00:08:09 (5888 turns).

jfbvrk the Vexing (Spriggan Enchanter)              Turns: 5888, Time: 00:08:09

Health: -6/28      AC:  2    Str:  6    XL:     6   Next: 43%
Magic:  15/15      EV: 18    Int: 16    God:
Gold:   1246       SH:  0    Dex: 22    Spells: 8/16 levels left

rFire   . . .      SeeInvis +   a - +2 dagger
rCold   . . .      Faith    .   (shield restricted)
rNeg    . . .      Spirit   .   b - +0 robe
rPois   .          Reflect  .   (helmet restricted)
rElec   .          Harm     .   (no cloak)
rCorr   .          Rampage  .   (gloves unavailable)
Will    +....                   (boots unavailable)
Stlth   ++++......              h - amulet of the acrobat
HPRegen 0.09/turn               o - +6 ring of dexterity
MPRegen 0.14/turn               (no ring)

@: very quick
A: very small, no large weapons, unfitting armour, see invisible, speed 3
a: no special abilities


You were on level 5 of the Dungeon.
You visited 1 branch of the dungeon, and saw 5 of its levels.

You collected 1246 gold pieces.

Inventory:

Hand Weapons
 a - a +2 dagger (weapon)
Missiles
 k - 5 atropa-tipped darts (quivered)
 q - 16 poisoned darts
Armour
 b - a +0 robe (worn)
Jewellery
 e - a ring of fire
 h - an amulet of the acrobat (around neck)
 o - a +6 ring of dexterity (left hand)
Wands
 c - a wand of polymorph (7)
Scrolls
 f - a scroll of teleportation
 g - 2 scrolls of fear
Potions
 d - a potion of curing
 i - a potion of brilliance {unknown}
 j - a potion of lignification {unknown}
 l - a potion of cancellation {unknown}
 m - 2 potions of flight
 n - a potion of magic {unknown}
 p - a potion of heal wounds {unknown}


   Skills:
 - Level 1.1 Short Blades
 - Level 2.6 Dodging
 + Level 6.0 Stealth
 + Level 5.8 Spellcasting
 + Level 6.3 Hexes


You had 8 spell levels left.
You knew the following spells:

 Your Spells              Type           Power      Damage    Failure   Level
a - Ensorcelled Hibernat  Hex/Ice        28%        N/A       6%          2
b - Tukima's Dance        Hex            24%        N/A       3%          3
c - Dazzling Flash        Conj/Hex       28%        N/A       12%         3

Your spell library contained the following spells:

 Spells                   Type           Power      Damage    Failure   Level
 Confusing Touch          Hex            24%        N/A       3%          3
 Inner Flame              Hex/Fire       14%        N/A       12%         3
 Summon Guardian Golem    Hex/Summ       14%        N/A       12%         3
 Foxfire                  Conj/Fire      16%        2x1d4     14%         1
 Summon Small Mammal      Summ           16%        N/A       14%         1
 Call Canine Familiar     Summ           4%         N/A       38%         3
 Conjure Flame            Conj/Fire      4%         6-21      38%         3
 Flame Wave               Conj/Fire      4%         3d3       80%         4


Dungeon Overview and Level Annotations

Branches:
Dungeon (5/15)
 Temple: D:4-7

Altars:
Ashenzari
Nemelex Xobeh
Yredelemnul


Innate Abilities, Weirdness & Mutations

You are very small and have problems with some larger weapons.
You are too small for most types of armour.
You have supernaturally acute eyesight. (SInv)
You cover ground extremely quickly. (Speed+++)


Message History

Unknown command.
A howler monkey zombie comes into view.
No reachable target in view!
The orc priest shouts!
You start waiting.
A howler monkey zombie is nearby!
You hit the howler monkey zombie.
The howler monkey zombie is lightly damaged.
The howler monkey zombie hits you.
You hit the howler monkey zombie.
The howler monkey zombie is lightly damaged.
The howler monkey zombie hits you but does no damage.
You hit the howler monkey zombie.
The howler monkey zombie is moderately damaged.
The howler monkey zombie hits you. The orc priest closely misses you.
You hit the howler monkey zombie.
The howler monkey zombie is moderately damaged.
The howler monkey zombie completely misses you.
The orc priest misses you.
You hit the howler monkey zombie.
The howler monkey zombie is heavily damaged.
The howler monkey zombie closely misses you.
You hit the howler monkey zombie.
The howler monkey zombie is heavily damaged.
The orc priest hits you from afar with a +0 trident.
The howler monkey zombie barely misses you.
You hit the howler monkey zombie.
The howler monkey zombie is heavily damaged.
The orc priest hits you from afar with a +0 trident.
The howler monkey zombie barely misses you.
You hit the howler monkey zombie.
The howler monkey zombie is severely damaged.
The orc priest hits you from afar with a +0 trident.
The howler monkey zombie hits you.
* * * LOW HITPOINT WARNING * * *
You hit the howler monkey zombie but do no damage.
The howler monkey zombie is severely damaged.
The orc priest mumbles some strange prayers to Beogh against you.
Beogh smites you!
You die...

#.# #.#
#.#.##.# #.#
#.# # #.##.#
#.# #o#
#.##.# #.#
#.# #.#..#
#.# #.#
#.#.## #.#
#Z# ..#.# #.#
#^# #.# #.#
#o#########.#
#.#
#.Z@......#.#
#.#
#######.###.#
#.# #[# #.#
#.### #.###.#
#...# #.....#
###.# #######
######### #.#
........# #.#
#######.# #)#


You could see an orc priest and a howler monkey zombie.

Vanquished Creatures
  A tengu (D:5)
  A hound (D:5)
  A gnoll shaman (D:5)
  A centaur skeleton (D:4)
  A scorpion zombie (D:5)
  2 gnolls (D:5)
  6 adders
  2 white imps
  2 dart slugs (D:1)
  8 orcs
  4 ball pythons
  3 bats
  3 endoplasms
  7 giant cockroaches
  5 goblins (D:1)
  3 hobgoblins
  7 jackals
  7 kobolds
  5 quokkas
  A rat (D:1)
70 creatures vanquished.

Vanquished Creatures (collateral kills)
  A gnoll (D:5)
1 creature vanquished.

Vanquished Creatures (others)
  3 dancing weapons (D:5)
3 creatures vanquished.

Grand Total: 74 creatures vanquished

Notes
Turn   | Place    | Note
-------+----------+-------------------------------------------
     0 | D:1      | jfbvrk the Spriggan Enchanter began the quest for the Orb.
     0 | D:1      | Reached XP level 1. HP: 9/9 MP: 5/5
   177 | D:1      | Found a faded altar of an unknown god.
   275 | D:1      | Reached XP level 2. HP: 13/13 MP: 7/7
   278 | D:1      | Learned a level 2 spell: Ensorcelled Hibernation
  1079 | D:1      | Reached XP level 3. HP: 10/16 MP: 6/9
  1249 | D:1      | Learned a level 3 spell: Tukima's Dance
  1253 | D:1      | Learned a level 3 spell: Dazzling Flash
  1907 | D:3      | Identified a scroll of acquirement
  1907 | D:3      | Acquired 1038 gold pieces
  2240 | D:3      | Found a sparkling altar of Nemelex Xobeh.
  2282 | D:3      | Reached skill level 5 in Hexes
  2282 | D:3      | Reached XP level 4. HP: 21/21 MP: 11/11
  3059 | D:3      | Found a basalt altar of Yredelemnul.
  3223 | D:4      | Reached XP level 5. HP: 11/24 MP: 13/13
  3398 | D:4      | Reached skill level 5 in Spellcasting
  3454 | D:4      | Found a broken altar of Ashenzari.
  4062 | D:5      | Entered Level 5 of the Dungeon
  5084 | D:5      | Noticed an ice beast
  5089 | D:5      | Noticed a tengu
  5089 | D:5      | an ice beast changed into a tengu
  5093 | D:5      | Killed a tengu
  5094 | D:5      | Reached skill level 5 in Stealth
  5094 | D:5      | Reached XP level 6. HP: 28/28 MP: 7/15
  5856 | D:5      | Identified the +2 leather armour "Toinogh" {Rampage rCorr
                  | Int-3 Slay-5}
  5888 | D:5      | Killed from afar by an orc priest

Illustrated notes

Levels and vault maps discovered:
D:1:      lightli_arrival_flooded_house, layout_basic, basic_ecumenical_altar
D:2:      layout_rooms
D:3:      layout_loops_cross, nemelex_xobeh_ov_fountains_minmay,
          mainiacjoe_overflow_alcove_1
D:4:      layout_loops_ring, ashenzari_altar_1
D:5:      layout_basic, nicolae_vehumet_altar_sigil, minmay_shop_mass,
          roderic_serpentine_path

Skill      XL: |  1  2  3  4  5  6 |
---------------+-------------------+-----
Spellcasting   | 3 4 5 |  5.8
Hexes          | 4 5 6 |  6.3
Stealth        | 5 6 |  6.0
Short Blades   | |  1.1
Dodging        | |  2.6

Action                   |  1- 3 |  4- 6 || total
-------------------------+-------+-------++-------
Melee: Dagger            |   131 |   132 ||   263
 Cast: Ensorcelled Hiber |    21 |    29 ||    50
       Dazzling Flash    |       |     2 ||     2
       Tukima's Dance    |       |     9 ||     9
Evoke: Wand              |       |     3 ||     3
  Use: Scroll            |     5 |     3 ||     8
       Potion            |       |     1 ||     1
 Stab: Sleeping          |    25 |    21 ||    46
       Invisible         |       |     2 ||     2
Armor: Robe              |    10 |    14 ||    24
Dodge: Dodged            |    92 |   103 ||   195

Table legend: (Time is in decaauts)
 A = Elapsed time spent in this place.
 B = Non-inter-level travel time spent in this place.
 C = Inter-level travel time spent in this place.
 D = Time resting spent in this place.
 E = Time spent auto-exploring this place.
 F = Levels seen in this place.
 G = Mean time per level.
                   A        B        C        D        E       F      G
               +--------+--------+--------+--------+--------+-----+--------+
         Total |   4867 |   4750 |    117 |   1065 |   2995 |   5 |  973.4 |
       Dungeon |   4867 |   4750 |    117 |   1065 |   2995 |   5 |  973.4 |
               +--------+--------+--------+--------+--------+-----+--------+

Top non-repeatable levels by time:
     D:4: 1455 daAuts
     D:1: 1130 daAuts
     D:3: 1127 daAuts
     D:5: 791 daAuts
     D:2: 362 daAuts
